 Dungeon Crawl Stone Soup version 0.18.1-50-g88ac8fd (console) character file.

240084 Kloppie the Slayer (level 19, -28/190 HPs)
             Began as a Hill Orc Berserker on Oct 24, 2016.
             Was the Champion of Trog.
             Killed from afar by an ancient champion (48 damage)
             ... with an orb of energy
             ... on level 3 of the Vaults on Oct 25, 2016.
             The game lasted 01:18:01 (36823 turns).

Kloppie the Slayer (Hill Orc Berserker)            Turns: 36823, Time: 01:18:02

Health: -28/190    AC: 32    Str: 30    XL:     19   Next: 77%
Magic:  3/3        EV: 15    Int:  9    God:    Trog [******]
Gold:   2716       SH: 15    Dex: 15    Spells: 0 memorised, 18 levels left

rFire  + . .     SeeInvis .     a - +9 broad axe (antimagic)
rCold  . . .     Gourm    .     V - +7 chain mail of the Oligarchy {rN+++ MP-9 Dex+4}
rNeg   + + +     Faith    .     J - +0 shield
rPois  +         Spirit   .     A - +1 helmet
rElec  +         Dismiss  .     D - +0 cloak "Sudum" {rElec rN+}
rCorr  .         Reflect  .     x - +2 pair of gloves
SustAt .         Harm     .     h - +1 pair of boots
MR     +++..                    l - amulet of regeneration
Stlth  ..........               d - ring of poison resistance
                                U - ring of Wuavera {rF+ Str+3 Int+2}

@: very slightly contaminated, regenerating, extremely resistant to hostile
enchantments, extremely unstealthy
A: regeneration 1, evolution 1
a: Berserk, Trog's Hand, Brothers in Arms, Burn Spellbooks, Renounce Religion
}: 1/15 runes: gossamer


You were on level 3 of the Vaults.
You worshipped Trog.
Trog was exalted by your worship.
You were not hungry.

You visited 5 branches of the dungeon, and saw 32 of its levels.
You visited the Abyss 1 time.
You visited 1 bazaar.
You also visited: Labyrinth and Bailey.

You collected 4045 gold pieces.
You spent 1329 gold pieces at shops.

Inventory:

Hand Weapons
 a - a +9 antimagic broad axe (weapon)
 b - a +0 trident of protection
 X - a +5 antimagic broad axe
Armour
 h - a +1 pair of boots (worn)
 m - the +4 cloak of the Devil {Dex+4 SInv}
   (You found it on level 10 of the Dungeon)

   It affects your dexterity (+4).
   It lets you see invisible.
 x - a +2 pair of gloves (worn)
 A - a +1 helmet (worn)
 D - the +0 cloak "Sudum" (worn) {rElec rN+}
   (You acquired it on level 13 of the Dungeon)

   It insulates you from electricity.
   It protects you from negative energy.
 J - a +0 shield (worn)
 V - the +7 chain mail of the Oligarchy (worn) {rN+++ MP-9 Dex+4}
   (You bought it in a shop on level 2 of the Orcish Mines)

   It affects your dexterity (+4).
   It renders you almost immune to negative energy.
   It affects your magic capacity (-9).
Jewellery
 d - a ring of poison resistance (right hand)
 l - an amulet of regeneration (around neck)
 v - an uncursed amulet of guardian spirit
 C - an uncursed ring of protection from magic
 H - a +2 ring of slaying
 U - the ring of Wuavera (left hand) {rF+ Str+3 Int+2}
   (You found it in a labyrinth)

   [ring of protection from fire]

   It affects your strength (+3).
   It affects your intelligence (+2).
   It protects you from fire.
 Z - an uncursed ring of see invisible
Wands
 t - a wand of disintegration (12/24)
 E - a wand of teleportation (7/9)
 M - a wand of teleportation (6/9)
 Q - a wand of teleportation (3/9)
 T - a wand of teleportation (5/9)
 W - a wand of enslavement (5/24)
 Y - a wand of digging (6/24)
Scrolls
 f - 4 scrolls of blinking
 g - a scroll of holy word
 k - 9 scrolls of remove curse
 o - 5 scrolls of identify
 q - a scroll of silence
 r - 4 scrolls of teleportation
 w - 2 scrolls of fear
 y - 3 scrolls of fog
 z - 6 scrolls of enchant armour
 B - 3 scrolls of enchant weapon
 K - 5 scrolls of magic mapping
 N - 2 scrolls of summoning
 P - 4 scrolls of recharging
Potions
 e - a potion of cancellation
 p - 7 potions of flight
 s - 4 potions of cure mutation
 u - 6 potions of resistance
 F - 2 potions of heal wounds
 G - 13 potions of curing
 I - 8 potions of haste
 L - a potion of invisibility
 O - 5 potions of might
Comestibles
 c - 19 bread rations
 i - 6 beef jerkies
 j - 6 slices of pizza
 n - 4 meat rations
 R - 8 chunks of flesh
 S - a royal jelly


   Skills:
 - Level 21.4 Fighting
 - Level 18.0 Axes
 + Level 17.4 Armour
 - Level 10.6 Dodging
 + Level 6.9 Stealth
 - Level 15.1 Shields


You had 18 spell levels left.
You didn't know any spells.

Dungeon Overview and Level Annotations

Branches:
Dungeon (15/15)            Temple (0/1) D:4            Lair (8/8) D:8
 Shoals (0/4) Lair:6       Spider (4/4) Lair:6        Slime (0/6) Lair:8
    Orc (2/2) D:10            Elf (0/3) Orc:2        Vaults (3/5) D:13
 Depths (0/5) D:15
  Crypt: Vaults:2-3

Altars:
Elyvilon
Fedhas
Gozag
Kikubaaqudgha
Makhleb
Nemelex Xobeh
Okawaru
Pakellas
Vehumet
Zin
The Shining One
Beogh
Jiyva

Shops:
D:7 ?!*[*   D:13 :   Orc:2 }}[?   Vaults:1 [(*[[(

Portals:
Hell: Lair:8


Innate Abilities, Weirdness & Mutations

Your natural rate of healing is unusually fast.
You evolve.


Message History

The ancient champion seems to speed up.
You block the ancient champion's attack.
You feel the effects of Trog's Hand fading.
The ancient champion hits you but does no damage.
Your skin crawls.
You feel resistant to hostile enchantments.
You feel slightly more hungry.
The ancient champion hits you with a great mace of draining!
* * * LOW HITPOINT WARNING * * *
The ancient champion closely misses you.
The ancient champion hits you with a battleaxe of draining!!!
* * * LOW HITPOINT WARNING * * *
The vault warden activates a sealing rune.
Some of the chunks of flesh in your inventory have rotted away.
The ancient champion points at you and mumbles some strange words.
The orb of energy hits you!
* * * LOW HITPOINT WARNING * * *
The ancient champion casts a spell at you.
The orb of energy hits you!
You die...

...... #.............#......#
....... #.............#..H...#
........ .............#p.....#
........# #......# ........#
#......# ........# #z.....#
........# #......#
........###############p.....#
................@.z....H.....#
..................z..........#
.............................#
.............................#
....................)))).....#
......................().....#
.....#######...######........#
....##.....##.. #.(......#
...##...#...# #......(.#


You could see a sphinx, a vault warden and 2 ancient champions.

Vanquished Creatures
  2 tentacled starspawn (Abyss:3)
  Agnes (Spider:3)
  Kirke (D:12)
  Aizul (Vaults:2)
  4 ghost moths
  7 vault wardens
  A deep elf sorcerer (Vaults:1)
  A cacodemon (Abyss:3)
  8 emperor scorpions
  A frost giant (Vaults:3)
  2 orc warlords
  6 ironheart preservers
  A very ugly thing (Vaults:2)
  3 stone giants
  2 spark wasps
  2 dire elephants
  2 ettins
  4 vault guards
  6 yaktaur captains
  A great orb of eyes (Vaults:2)
  A minotaur (Lab)
  A fire dragon (Vaults:2)
  5 hydras
  8 ogre magi
  Erolcha (D:12)
  2 entropy weavers
  7 centaur warriors
  Erica (D:8)
  The ghost of ciphuk the Impaler, a novice MfSk of Okawaru (D:9)
  A deep troll shaman (Vaults:1)
  9 death yaks (Lair:7)
  A tengu warrior (D:15)
  A queen ant (Lair:4)
  3 thrashing horrors (Abyss:3)
  Urug (D:13)
  The ghost of ch1llma the Skirmisher, a novice NaFi (D:10)
  4 deep elf knights
  2 sun demons
  A shadow wraith (Vaults:3)
  4 large abominations (Abyss:3)
  4 unseen horrors
  A hell knight (D:15)
  7 skeletal warriors
  8 deep trolls
  5 wizards
  2 deep elf archers (Vaults:2)
  A giant orange brain (Vaults:2)
  5 hill giants
  13 ironbrand convokers
  A lindwurm (Lair:7)
  A harpy (shapeshifter) (Vaults:3)
  17 ugly things
  3 harpies (Vaults:1)
  19 orb spiders
  9 orc knights
  29 wolf spiders
  9 cyclopes
  3 griffons
  6 hornets
  7 slime creatures
  2 hornets (shapeshifter)
  9 orc sorcerers
  2 sixfirhies
  An octopode (shapeshifter) (D:15)
  5 deep elf magi
  6 elephants
  8 black mambas
  3 orange demons (Lair:8)
  3 gargoyles
  10 vault sentinels
  Psyche (D:9)
  17 spiny frogs
  12 komodo dragons
  9 rime drakes
  A kobold demonologist (Abyss:3)
  4 ice devils (Lair:8)
  4 freezing wraiths
  A hellwing (Lair:8)
  9 demonic crawlers
  2 red devils (Lair:8)
  13 yaktaurs
  40 jumping spiders
  8 trolls
  3 polar bears
  3 raiju (Abyss:3)
  10 two-headed ogres
  12 blink frogs
  10 boulder beetles
  Grinder (D:4)
  A blink frog (shapeshifter) (Vaults:3)
  A snapping turtle (shapeshifter) (D:13)
  Sigmund (D:5)
  76 redbacks
  2 vampires
  2 wraiths
  A ynoxinul (Abyss:3)
  23 tarantellas
  5 wyverns
  5 basilisks
  2 hungry ghosts
  2 neqoxecs (Abyss:3)
  6 hogs (D:12)
  64 yaks
  13 vampire mosquitoes
  10 hippogriffs
  Grum (D:9)
  A steam dragon (D:12)
  Edmund (D:5)
  A warg (Orc:2)
  A hell hound (Lair:8)
  4 mottled dragons
  4 small abominations (Abyss:3)
  17 water moccasins
  5 soldier ants (Lair:4)
  12 porcupines
  4 sky beasts
  36 orc warriors
  3 ice beasts
  2 black bears (shapeshifter) (Vaults:2)
  A black bear (D:12)
  24 ogres
  11 wasps
  16 boggarts
  An eye of draining (D:15)
  8 wolves
  14 crocodiles
  23 centaurs
  A big kobold (D:7)
  19 giant frogs
  An earth elemental (Lab)
  10 scorpions
  A snapping turtle simulacrum (Abyss:3)
  6 electric eels
  5 centaur zombies
  4 giant frog zombies
  2 howler monkeys (D:10)
  5 crimson imps
  A quasit (Abyss:3)
  7 hounds
  5 jellies
  39 orc wizards
  A gnoll shaman (D:8)
  11 orc priests
  A giant frog skeleton (D:7)
  3 centaur skeletons
  16 iguanas
  29 worker ants
  14 sheep
  2 hound zombies
  A worker ant zombie (D:5)
  12 gnolls
  13 adders
  40 river rats
  8 shadow imps
  2 oozes
  2 adder skeletons
  3 worms (D:2)
  A dart slug (D:2)
  10 giant geckos
  101 orcs
  A ball python (D:1)
  5 giant cockroaches
  19 goblins
  19 hobgoblins
  20 jackals
  10 kobolds
  2 quokkas
  6 bats
  6 giant newts
  A jackal zombie (D:8)
  2 quokka skeletons (D:4)
  7 rats
  10 fungi
  8 plants
  4 starspawn tentacles (Abyss:3)
1370 creatures vanquished.

Vanquished Creatures (others)
  2 ghost moths
  2 redbacks (Spider:2)
  2 boggarts
  5 fungi
  A lurking horror (Abyss:3)
  22 plants
  3 starspawn tentacles (Abyss:3)
  44 starspawn tentacle segments (Abyss:3)
  11 toadstools (Lair:7)
92 creatures vanquished.

Grand Total: 1462 creatures vanquished

Notes
Turn   | Place    | Note
--------------------------------------------------------------
     0 | D:1      | Kloppie the Hill Orc Berserker began the quest for the Orb.
     0 | D:1      | Reached XP level 1. HP: 19/19 MP: 1/1
   143 | D:1      | Reached skill level 4 in Fighting
   143 | D:1      | Reached XP level 2. HP: 19/27 MP: 2/2
   692 | D:2      | Reached XP level 3. HP: 33/33 MP: 3/3
   700 | D:2      | Reached skill level 5 in Axes
   825 | D:2      | Reached ** piety under Trog
  1209 | D:2      | Reached XP level 4. HP: 41/41 MP: 4/4
  1812 | D:3      | Reached skill level 1 in Shields
  1812 | D:3      | Reached XP level 5. HP: 47/47 MP: 5/5
  2229 | D:4      | Noticed an ogre
  2240 | D:4      | Killed an ogre
  2240 | D:4      | Reached XP level 6. HP: 53/53 MP: 6/6
  2473 | D:4      | Found a staircase to the Ecumenical Temple.
  2525 | D:4      | Noticed Grinder
  2552 | D:4      | Killed Grinder
  2552 | D:4      | Reached XP level 7. HP: 60/60 MP: 7/7
  2669 | D:4      | Reached skill level 5 in Armour
  2724 | D:4      | Reached *** piety under Trog
  2796 | D:5      | Entered Level 5 of the Dungeon
  3017 | D:5      | Noticed Edmund
  3023 | D:5      | Killed Edmund
  3023 | D:5      | Reached XP level 8. HP: 67/67 MP: 8/8
  3125 | D:5      | Found an opulent altar of Gozag.
  3278 | D:5      | Noticed Sigmund
  3286 | D:5      | Killed Sigmund
  3286 | D:5      | Reached skill level 5 in Fighting
  3535 | D:5      | Reached skill level 6 in Fighting
  3605 | D:5      | Reached skill level 10 in Axes
  4228 | D:6      | Reached skill level 7 in Fighting
  4276 | D:6      | Reached XP level 9. HP: 45/79 MP: 9/9
  5029 | D:7      | Found Kiryrah's Magic Scroll Shoppe.
  5045 | D:7      | Bought a scroll of identify for 32 gold pieces
  5045 | D:7      | Bought a scroll of identify for 32 gold pieces
  5052 | D:7      | Found Lemidaon's General Store.
  5062 | D:7      | Found Ymopimpe's General Store.
  5088 | D:7      | Bought a scroll of identify for 26 gold pieces
  5088 | D:7      | Bought a scroll of identify for 26 gold pieces
  5112 | D:7      | Reached **** piety under Trog
  5161 | D:7      | Reached skill level 5 in Shields
  5306 | D:7      | Found an oddly glowing altar of Pakellas.
  5417 | D:7      | Found Dourarif's Distillery.
  5475 | D:7      | Found Uqawy's Antique Armour Emporium.
  5478 | D:7      | Bought a glowing cloak for 108 gold pieces
  5544 | D:8      | Noticed Erica
  5558 | D:8      | Killed Erica
  5657 | D:8      | Found a staircase to the Lair.
  5677 | D:8      | Reached XP level 10. HP: 88/88 MP: 10/10
  5788 | D:8      | Found a glowing golden altar of the Shining One.
  6051 | D:8      | Found a glowing silver altar of Zin.
  6051 | D:8      | Found a sparkling altar of Nemelex Xobeh.
  6354 | D:9      | Noticed Psyche
  6362 | D:9      | Killed Psyche
  6483 | D:9      | Noticed ciphuk's ghost (novice MfSk)
  6488 | D:9      | Noticed an ogre mage
  6524 | D:9      | Killed an ogre mage
  6565 | D:9      | Killed ciphuk's ghost
  6565 | D:9      | Reached XP level 11. HP: 31/93 MP: 11/11
  6949 | D:9      | Reached skill level 10 in Shields
  7004 | D:9      | Found a burning altar of Makhleb.
  7051 | D:9      | Found a blossoming altar of Fedhas.
  7150 | D:9      | Noticed Grum
  7160 | D:9      | Killed Grum
  7167 | D:9      | Received a gift from Trog
  7680 | D:9      | Reached skill level 15 in Axes
  7762 | Lair:1   | Entered Level 1 of the Lair of Beasts
  7785 | Lair:1   | Reached skill level 8 in Fighting
  7972 | Lair:1   | You fall through a shaft!
  8238 | Lair:2   | Reached ***** piety under Trog
  8900 | Lair:1   | Reached skill level 9 in Fighting
  9983 | Lair:3   | Received a gift from Trog
  9989 | Lair:3   | Found a burning altar of Makhleb.
 10303 | Lair:3   | Reached XP level 12. HP: 58/106 MP: 4/12
 10880 | Lair:4   | Noticed a queen ant
 10900 | Lair:4   | Killed a queen ant
 12203 | Lair:5   | Found a labyrinth entrance.
 12218 | Lab      | Entered a labyrinth
 12644 | Lab      | Noticed a minotaur
 12653 | Lab      | Killed a minotaur
 12667 | Lab      | Got a shimmering golden ring
 12667 | Lab      | Got a heavily runed gossamer ring
 12669 | Lab      | Got a shadowed robe
 12670 | Lab      | Identified the cursed +1 robe "Ranuj" {rPois} (You found it in a labyrinth)
 12701 | Lair:5   | Identified the ring of Fyzetus {rN+ Dex+5} (You found it in a labyrinth)
 12703 | Lair:5   | Identified the ring of Wuavera {rF+ Str+3 Int+2} (You found it in a labyrinth)
 12853 | Lair:5   | Reached skill level 10 in Armour
 12890 | Lair:5   | Reached XP level 13. HP: 44/113 MP: 2/13
 13477 | Lair:6   | Got an encrusted buckler
 13489 | Lair:6   | Identified the cursed +0 buckler of Ru's Righteous Anger {rPois rC+} (You found it on level 6 of the Lair of Beasts)
 13592 | Lair:6   | Found a staircase to the Shoals.
 13883 | Lair:6   | Found a hole to the Spider Nest.
 14028 | Lair:6   | Reached skill level 10 in Fighting
 14548 | Lair:7   | Reached skill level 11 in Fighting
 14686 | Lair:7   | Reached ****** piety under Trog
 14806 | Lair:7   | Received a gift from Trog
 15063 | Lair:7   | Reached skill level 12 in Fighting
 15136 | Lair:7   | Noticed a dire elephant
 15155 | Lair:7   | Killed a dire elephant
 15574 | Lair:7   | Reached XP level 14. HP: 120/127 MP: 4/14
 15818 | D:10     | Entered Level 10 of the Dungeon
 16174 | D:10     | Got a translucent cloak
 16185 | D:10     | Identified the +4 cloak of the Devil {Dex+4 SInv} (You found it on level 10 of the Dungeon)
 16187 | D:10     | Found a staircase to the Orcish Mines.
 16374 | D:10     | Noticed ch1llma's ghost (novice NaFi)
 16390 | D:10     | Killed ch1llma's ghost
 16397 | D:10     | Got an encrusted battleaxe
 16432 | D:10     | Identified the +5 battleaxe of Vothroegg {chop, rF++ Str-4} (You found it on level 10 of the Dungeon)
 16594 | D:11     | Reached skill level 13 in Fighting
 17094 | D:11     | You fall through a shaft!
 17094 | D:12     | Noticed Erolcha
 17101 | D:12     | Killed Erolcha
 17101 | D:12     | Received a gift from Trog
 17252 | D:12     | Found a flagged portal.
 17257 | Bailey   | Entered a bailey
 17459 | Bailey   | Received a gift from Trog
 17512 | Bailey   | Noticed an orc warlord
 17529 | Bailey   | Killed an orc warlord
 17854 | D:12     | Found an iron altar of Okawaru.
 18279 | D:12     | Noticed Kirke
 18287 | D:12     | Reached skill level 14 in Fighting
 18296 | D:12     | Killed Kirke
 18810 | Orc:1    | Entered Level 1 of the Orcish Mines
 19021 | Orc:1    | Received a gift from Trog
 19178 | Orc:1    | Noticed a stone giant
 19194 | Orc:1    | Killed a stone giant
 19280 | Orc:1    | Found a roughly hewn altar of Beogh.
 19722 | Lair:8   | Entered Level 8 of the Lair of Beasts
 19900 | Lair:8   | Reached XP level 15. HP: 95/139 MP: 5/15
 19905 | Lair:8   | Reached skill level 15 in Fighting
 20055 | Lair:8   | Found a staircase to the Slime Pits.
 20312 | Lair:8   | Found a viscous altar of Jiyva.
 20589 | Lair:8   | Found a burning altar of Makhleb.
 20617 | Lair:8   | Reached skill level 15 in Armour
 20619 | Lair:8   | Found a gateway to Hell.
 21278 | D:9      | Received a gift from Trog
 21346 | D:13     | Got a fine chain mail
 21361 | D:13     | Identified the +1 chain mail of Disappointment {+Fly rPois Int+4 Dex-2} (You found it on level 13 of the Dungeon)
 21410 | D:13     | Noticed Urug
 21420 | D:13     | Killed Urug
 21420 | D:13     | Reached skill level 16 in Fighting
 21531 | D:13     | Identified a scroll of acquirement
 21532 | D:13     | Got a pitted cloak
 21543 | D:13     | Identified the +0 cloak "Sudum" {rElec rN+} (You acquired it on level 13 of the Dungeon)
 21694 | D:13     | Found Nezxirch's Book Shop.
 22494 | D:13     | Found a gate to the Vaults.
 22802 | D:14     | Found a white marble altar of Elyvilon.
 22913 | D:14     | Reached skill level 5 in Dodging
 24002 | D:15     | Entered Level 15 of the Dungeon
 24022 | D:15     | Received a gift from Trog
 24065 | D:15     | Reached XP level 16. HP: 93/152 MP: 4/16
 24501 | D:15     | Found a staircase to the Depths.
 24624 | D:15     | Got a warped war axe
 24625 | D:15     | Identified the +1 war axe of Income {drain, Str+2} (You found it on level 15 of the Dungeon)
 24942 | D:15     | Got a dazzling battleaxe
 25081 | Orc:2    | Entered Level 2 of the Orcish Mines
 25178 | Orc:2    | Found a flickering gateway to a bazaar.
 25231 | Bazaar   | Entered a bazaar
 25238 | Bazaar   | Found Entomathewk's Distillery.
 25246 | Bazaar   | Bought a potion of might for 40 gold pieces
 25252 | Bazaar   | Found Miro Xieh's Food Boutique.
 25277 | Bazaar   | Found Nudajetits's Food Boutique.
 25302 | Bazaar   | Found Latiatell's Food Boutique.
 25316 | Bazaar   | Found Yffaxkoci's Antique Weapon Shop.
 25426 | Bazaar   | Bought a potion of heal wounds for 50 gold pieces
 25426 | Bazaar   | Bought a potion of haste for 100 gold pieces
 25426 | Bazaar   | Bought a potion of cure mutation for 250 gold pieces
 25426 | Bazaar   | Bought a potion of cure mutation for 250 gold pieces
 25595 | Orc:2    | Found a staircase to the Elven Halls.
 25608 | Orc:2    | Reached skill level 17 in Fighting
 25672 | Orc:2    | Received a gift from Trog
 25759 | Orc:2    | Paralysed by an orc sorcerer for 5 turns
 25794 | Orc:2    | Found Ysenyf's Magic Scroll Boutique.
 25870 | Orc:2    | Found an ancient bone altar of Kikubaaqudgha.
 26070 | Orc:2    | Found a radiant altar of Vehumet.
 26120 | Orc:2    | Found a roughly hewn altar of Beogh.
 26120 | Orc:2    | Found Nill's Antique Armour Shop.
 26120 | Orc:2    | Found Fiol's Gadget Boutique.
 26128 | Orc:2    | Found Veewkid's Gadget Boutique.
 26375 | Orc:2    | Received a gift from Trog
 26390 | Orc:2    | Bought an ancient chain mail for 180 gold pieces
 26390 | Orc:2    | Bought a pair of glowing gloves for 85 gold pieces
 26411 | Orc:2    | Identified the +7 chain mail of the Oligarchy {rN+++ MP-9 Dex+4} (You bought it in a shop on level 2 of the Orcish Mines)
 26780 | Spider:1 | Entered Level 1 of the Spider Nest
 27724 | Spider:1 | Reached skill level 18 in Fighting
 28162 | Spider:1 | Received a gift from Trog
 28605 | Spider:2 | Reached XP level 17. HP: 164/166 MP: 2/17
 29501 | Spider:3 | Reached skill level 10 in Dodging
 29665 | Spider:3 | Noticed Agnes
 29674 | Spider:3 | Killed Agnes
 29733 | Spider:3 | Reached skill level 19 in Fighting
 29904 | Spider:3 | Received a gift from Trog
 30682 | Spider:4 | Entered Level 4 of the Spider Nest
 32312 | Spider:4 | Reached skill level 20 in Fighting
 32318 | Spider:4 | Reached XP level 18. HP: 167/178 MP: 0/18
 32361 | Spider:4 | Got a gossamer rune of Zot
 32629 | Spider:3 | Received a gift from Trog
 32716 | Lair:6   | Gained mutation: You evolve. [potion of beneficial mutation]
 32717 | Lair:6   | Gained mutation: Your natural rate of healing is unusually fast. [potion of beneficial mutation]
 32977 | Vaults:1 | Entered Level 1 of the Vaults
 32977 | Vaults:1 | Found Voapuwn's Weapon Emporium.
 33152 | Vaults:1 | Found Kexirgh's Armour Shoppe.
 33167 | Vaults:1 | Found Xunn's General Store.
 33171 | Vaults:1 | Bought a scroll of blinking for 150 gold pieces
 33178 | Vaults:1 | Found Oguepohozu's Armour Boutique.
 33483 | Vaults:1 | Paralysed by an ogre mage for 3 turns
 33613 | Vaults:1 | Cast into level 3 of the Abyss (a deep elf sorcerer)
 33826 | Abyss:3  | Found a corrupted altar of Lugonu.
 33871 | Abyss:3  | Received a gift from Trog
 33970 | Abyss:3  | Reached skill level 15 in Shields
 33972 | Vaults:1 | Escaped the Abyss
 33996 | Vaults:1 | Reached skill level 21 in Fighting
 34567 | Vaults:1 | Found Ocvolac's Armour Shop.
 34676 | Vaults:1 | Gained mutation: Armour fits poorly on your strangely shaped body. [evolution]
 34755 | Vaults:1 | Found Yreab's Antique Weapon Emporium.
 35093 | Vaults:2 | Received a gift from Trog
 35116 | Vaults:2 | Reached skill level 1 in Stealth
 35122 | Vaults:2 | Reached XP level 19. HP: 146/190 MP: 3/19
 35336 | Vaults:2 | Noticed Aizul
 35367 | Vaults:2 | Killed Aizul
 36098 | Vaults:3 | Reached skill level 5 in Stealth
 36174 | Vaults:3 | Received a gift from Trog
 36364 | Vaults:3 | Lost mutation: Armour fits poorly on your strangely shaped body. [evolution]
 36823 | Vaults:3 | Killed from afar by an ancient champion

Skill      XL: |  1  2  3  4  5  6  7  8  9 10 11 12 13 14 15 16 17 18 19 |
---------------+----------------------------------------------------------+-----
Fighting       | 4 7 9 12 14 16 18 20 21 | 21.4
Axes           | 5 6 7 8 10 12 14 15 17 18 | 18.0
Armour         | 3 4 5 6 10 11 14 15 16 17 | 17.4
Shields        | 1 2 3 4 7 9 12 13 15 | 15.1
Dodging        | 6 9 10 | 10.6
Stealth        | 1 6 |  6.9

Action                   |  1- 3 |  4- 6 |  7- 9 | 10-12 | 13-15 | 16-18 | 19-21 || total
-------------------------+-------+-------+-------+-------+-------+-------+-------++-------
Melee: Hand axe          |    85 |   145 |   343 |   486 |       |       |       ||  1059
       Broad axe         |       |       |       |   305 |  1368 |  1635 |   442 ||  3750
       Trident           |       |       |       |       |    58 |       |       ||    58
Invok: Berserk           |     2 |     4 |     7 |    10 |    10 |     2 |       ||    35
       Trog's Hand       |       |     1 |     4 |     3 |     6 |     9 |     2 ||    25
  Use: Scroll            |       |       |    20 |    13 |    10 |    17 |     3 ||    63
       Potion            |       |       |       |     3 |       |     2 |     1 ||     6
  Eat: Chunk             |     3 |     4 |    16 |    32 |    41 |    22 |     2 ||   120
       Meat ration       |       |     1 |       |       |     1 |     4 |       ||     6
       Royal jelly       |       |       |       |     1 |     1 |     1 |       ||     3
       Pizza             |       |       |       |     1 |       |       |       ||     1
       Fruit             |       |       |       |       |       |     1 |       ||     1
Armor: Animal skin       |    11 |       |       |       |       |       |       ||    11
       Plate armour      |     8 |   114 |   173 |   259 |   514 |       |       ||  1068
       Chain mail        |     7 |       |       |       |   158 |   745 |    94 ||  1004
Dodge: Dodged            |    51 |    46 |   144 |   170 |   351 |   633 |   110 ||  1505
Block: Buckler           |       |    13 |    51 |    75 |   283 |       |       ||   422
       Shield            |       |       |       |   199 |   200 |  1005 |   185 ||  1589
